 Dungeon Crawl Stone Soup version 0.30-a0-862-g1aabd4f9c5 (webtiles) character file.

Game seed: 10424173926732843550

15796 dolemite99 the Grappler (level 12, 0/88 HPs)
             Began as a Demonspawn Fighter on Mar 9, 2023.
             Was an Initiate of Ashenzari.
             Slain by an efreet
             ... wielding a +3 scimitar of flaming
              (2 damage)
             ... on level 10 of the Dungeon.
             The game lasted 00:22:47 (12196 turns).

dolemite99 the Grappler (Demonspawn Fighter)       Turns: 12196, Time: 00:22:48

Health: 0/88       AC: 16    Str: 26    XL:     12   Next: 4%
Magic:  12/12      EV: 10    Int:  9    God:    Ashenzari [......]
Gold:   529        SH: 13    Dex: 27    Spells: 11/11 levels left

rFire   . . .      SeeInvis .      - Unarmed
rCold   . . .      Faith    .    q - +0 kite shield of Cowardice {Regen+}
rNeg    + . .      Spirit   .    H - +0 plate armour of Pared {Regen+ Str+4 Dex+8 Stlth+}
rPois   .          Reflect  .    (no helmet)
rElec   .          Rampage  .    F - scarf {+Inv}
rCorr   .                        (no gloves)
Will    .....                    u - +1 pair of boots "At What Cost Knowledge?" {Bglg, Evo} (curse) Stlth
                                 (no amulet)
HPRegen 1.94/turn                v - +6 ring of dexterity
MPRegen 0.13/turn                D - ring of positive energy

@: agile
A: slimy green scales 1, powered by pain 1, demonic magic 2
a: Renounce Religion, Evoke Invisibility, Curse Item, Shatter the Chains


You were on level 10 of the Dungeon.
You worshipped Ashenzari.
Ashenzari was noncommittal.
You visited 2 branches of the dungeon, and saw 11 of its levels.
You also visited: Bailey.

You collected 1592 gold pieces.
You spent 1063 gold pieces at shops.

Inventory:

Hand Weapons
 j - a +1 dagger of protection
 A - a +2 sling
Missiles
 m - 8 boomerangs (quivered)
 z - 7 poisoned darts
 P - 3 javelins
Armour
 a - a +0 scale mail
 b - a +0 buckler
 i - a +3 ring mail of willpower
 q - the +0 kite shield of Cowardice (worn) {Regen+}
   (You found it on level 5 of the Dungeon)

   Regen:     It increases your rate of health regeneration.
 u - the cursed +1 pair of boots "At What Cost Knowledge?" (worn) {Bglg, Evo}
   (You found it on level 5 of the Dungeon)

   It has a curse which improves the following skills: Beguiling: Conjurations,
   Hexes and Translocations.
   Evocations: Evocations.
 F - a scarf of invisibility (worn)
 H - the +0 plate armour of Pared (worn) {Regen+ Str+4 Dex+8 Stlth+}
   (You found it on level 3 of the Dungeon)

   Str:       It affects your strength (+4).
   Dex:       It affects your dexterity (+8).
   Regen:     It increases your rate of health regeneration.
   Stlth:     It makes you more stealthy.
 J - the +1 Delatra's gloves {ID++}
   (You found it on level 7 of the Dungeon)

   ID++:      It heals its wearer when they drink unknown potions, and restores
   their MP when they read unknown scrolls.
 L - a +1 ring mail of fire resistance
Magical Staves
 f - a staff of conjuration
 r - a staff of cold
Jewellery
 l - a ring of fire
 v - a +6 ring of dexterity (left hand)
 D - a ring of positive energy (right hand)
 M - a ring of see invisible
Wands
 h - a wand of iceblast (6)
 n - a wand of flame (29)
 y - a wand of polymorph (16)
 G - a wand of mindburst (9)
 N - a wand of quicksilver (5)
Scrolls
 c - a scroll of brand weapon
 d - 3 scrolls of blinking
 e - 3 scrolls of noise
 g - a scroll of amnesia
 k - 2 scrolls of vulnerability
 t - a scroll of enchant armour {unknown}
 w - 2 scrolls of torment
 x - 3 scrolls of teleportation
 E - 3 scrolls of identify {@r1}
 O - a scroll of immolation {unknown}
Potions
 o - 3 potions of curing
 s - 2 potions of brilliance
 B - 2 potions of berserk rage {unknown}
 C - 2 potions of flight
 I - a potion of mutation
 K - a potion of haste
Miscellaneous
 p - a lightning rod (2/4)


   Skills:
 - Level 6.2 Fighting
 + Level 5.4 Armour
 - Level 7.6 Shields
 - Level 13.9 Unarmed Combat
 - Level 7.8(8.3) Evocations


You had 11 spell levels left.
You didn't know any spells.
Your spell library contained the following spells:

 Spells                   Type           Power      Damage    Failure   Level
 Sublimation of Blood     Necr           0%         N/A       100%        2
 Summon Guardian Golem    Hex/Summ       0%         N/A       100%        3
 Petrify                  Tmut/Erth      0%         N/A       100%        4
 Irradiate                Conj/Tmut      0%         3d11      100%        5
 Orb of Destruction       Conj           0%         9d5       100%        7
 Spellforged Servitor     Conj/Summ      0%         N/A       100%        7


Dungeon Overview and Level Annotations

Branches:
Dungeon (10/15)            Temple (1/1) D:4            Lair (0/5) D:9
 Bailey (visited)
    Orc: D:9-12

Altars:
Ashenzari
Cheibriados
Dithmenos
Fedhas
Gozag
Hepliaklqana
Kikubaaqudgha
Makhleb
Nemelex Xobeh
Okawaru
Qazlal
Ru
Sif Muna
Trog
Uskayaw
Vehumet
Wu Jian
Xom
Yredelemnul

Shops:
D:4 *   D:5 !   D:9 *

Annotations:
D:4 2 transporters, Lobster4's ghost, amateur HOSu


Innate Abilities, Weirdness & Mutations

You are partially covered in slimy green scales. (AC +2)
You sometimes gain a little power by taking damage.
Spells you cast may paralyse nearby enemies.


Message History

You pummel the efreet!!
The efreet is heavily wounded.
The efreet gestures at you.
The fireball explodes!
The fireball engulfs you!
The fireball engulfs the efreet.
The efreet completely resists.
You hit the efreet.
The efreet is heavily wounded.
The efreet gestures at you.
The fireball explodes!
The fireball engulfs you!!!
The fireball engulfs the efreet.
The efreet completely resists.
You hit the efreet but do no damage.
The efreet is heavily wounded.
The efreet hits you with a +3 scimitar of flaming!
The efreet burns you.
* * * LOW HITPOINT WARNING * * *
You are too injured to fight recklessly!
You punch the efreet!
The efreet is almost dead.
The efreet hits you with a +3 scimitar of flaming!
* * * LOW HITPOINT WARNING * * *
The efreet burns you.
* * * LOW HITPOINT WARNING * * *
You are too injured to fight recklessly!
You hit the efreet but do no damage.
The efreet is almost dead.
The efreet completely misses you.
You are too injured to fight recklessly!
You barely miss the efreet.
The efreet is almost dead.
The efreet hits you with a +3 scimitar of flaming!
* * * LOW HITPOINT WARNING * * *
The efreet burns you.
* * * LOW HITPOINT WARNING * * *
You feel better.
The efreet hits you with a +3 scimitar of flaming!
* * * LOW HITPOINT WARNING * * *
You focus on the pain.
You feel agile all of a sudden. The efreet burns you.
You die...

.......#...........#
##.###..#..###.###..# .
..#...#..##...#...#.# ..
.#...#...#...#.....# #.
.#..###..#...#..#.## ##..
##..#...#..###..##.#
...9.
#...#...#...#......#
#....#..##R..#...#..#.###
#..#)@###.###..#..#
........#...........#.##
###.##..#..###.###..#.# #
####### ### #....# ######


You could see an efreet.

Vanquished Creatures
  A two-headed ogre (D:8)
  An orc knight (D:10)
  A gargoyle (D:10)
  Maggie (D:9)
  A troll (D:9)
  A hornet (D:7)
  Prince Ribbit (D:7)
  Sigmund (D:6)
  2 wyverns (D:9)
  28 yaks
  A basilisk (D:9)
  4 vampire mosquitoes (D:6)
  Edmund (D:6)
  4 water moccasins
  A black bear (D:8)
  3 orc warriors
  A sky beast (D:3)
  2 ice beasts
  3 ogres (D:5)
  2 centaurs
  A phantom (D:7)
  A lemure (D:9)
  A kobold brigand (D:8)
  A bullfrog (D:9)
  3 scorpions (D:5)
  13 wights
  17 killer bees
  7 howler monkeys
  A hound (D:4)
  3 orc priests
  3 jellies
  2 sleepcaps
  4 iguanas
  8 orc wizards
  3 gnolls
  4 adders
  A shadow imp (D:6)
  2 white imps (D:7)
  3 ufetubi
  2 worms (D:2)
  3 dart slugs
  26 orcs
  3 ball pythons
  An endoplasm (D:1)
  7 giant cockroaches
  9 goblins
  9 hobgoblins
  6 jackals
  4 quokkas
  6 bats
  5 frilled lizards
  11 kobolds
  5 rats
235 creatures vanquished.

Vanquished Creatures (collateral kills)
  Pikel (D:9)
  2 yaks (D:9)
  A water moccasin (D:9)
  A wight (D:9)
  A killer bee (D:9)
6 creatures vanquished.

Vanquished Creatures (others)
  4 bushes (D:9)
  A fungus (D:9)
  27 plants
32 creatures vanquished.

Grand Total: 273 creatures vanquished

Notes
Turn   | Place    | Note
-------+----------+-------------------------------------------
     0 | D:1      | dolemite99 the Demonspawn Fighter began the quest for the
                  | Orb.
     0 | D:1      | Reached XP level 1. HP: 18/18 MP: 1/1
    51 | D:1      | Reached skill level 2 in Unarmed Combat
   236 | D:1      | Gained mutation: You are partially covered in slimy green
                  | scales. (AC +2) [demonic ancestry]
   236 | D:1      | Reached XP level 2. HP: 24/24 MP: 2/2
   643 | D:2      | Reached skill level 3 in Unarmed Combat
   839 | D:2      | Gained mutation: You sometimes gain a little power by
                  | taking damage. [demonic ancestry]
   839 | D:2      | Reached XP level 3. HP: 29/29 MP: 3/3
   935 | D:2      | Found a burning altar of Makhleb.
  1677 | D:3      | Reached XP level 4. HP: 34/35 MP: 4/4
  1694 | D:3      | Reached skill level 4 in Unarmed Combat
  1703 | D:3      | Identified the +0 plate armour of Pared {Regen+ Str+4 Dex+8
                  | Stlth+}
  2207 | D:4      | Found Abbocon's Assorted Antiques.
  2294 | D:4      | Bought a glowing coppery potion for 24 gold pieces
  2294 | D:4      | Bought 3 scrolls labelled QIGYDU UNWAIMU for 81 gold pieces
  2578 | D:4      | Reached XP level 5. HP: 27/41 MP: 5/5
  2601 | D:4      | Reached skill level 5 in Unarmed Combat
  2858 | D:4      | Noticed a sky beast
  2996 | D:3      | Found a blossoming altar of Fedhas.
  3031 | D:3      | Killed a sky beast
  3032 | D:3      | Reached XP level 6. HP: 28/47 MP: 6/6
  3034 | D:3      | Reached skill level 6 in Unarmed Combat
  3395 | D:4      | Found a transporter.
  3657 | D:4      | Found a transporter.
  3761 | D:4      | Found a staircase to the Ecumenical Temple.
  3785 | Temple   | Entered the Ecumenical Temple
  4225 | D:4      | Found a shadowy altar of Dithmenos.
  4398 | D:4      | Noticed Lobster4's ghost (amateur HOSu)
  4453 | D:4      | Bought 2 scrolls labelled CEZAEF GAAPN for 54 gold pieces
  4607 | D:5      | Entered Level 5 of the Dungeon
  4619 | D:5      | Reached skill level 7 in Unarmed Combat
  4619 | D:5      | Gained mutation: Spells you cast may paralyse adjacent
                  | enemies. [demonic ancestry]
  4619 | D:5      | Reached XP level 7. HP: 15/52 MP: 7/7
  4977 | D:5      | Identified the +0 kite shield of Cowardice {Regen+}
  4993 | D:5      | Found an opulent altar of Gozag.
  5028 | D:5      | Found a shimmering blue altar of Sif Muna.
  5373 | D:5      | Reached skill level 5 in Shields
  5716 | D:5      | Reached XP level 8. HP: 58/58 MP: 8/8
  5932 | D:5      | Found Niexaphisiu's Distillery.
  5937 | D:5      | Bought a potion of curing for 42 gold pieces
  5937 | D:5      | Bought a potion of curing for 42 gold pieces
  5937 | D:5      | Bought a potion of curing for 42 gold pieces
  5937 | D:5      | Bought a potion of lignification for 42 gold pieces
  7059 | D:6      | Noticed Edmund
  7086 | D:6      | Killed Edmund
  7239 | D:6      | Noticed Sigmund
  7257 | D:6      | Killed Sigmund
  7258 | D:6      | Reached skill level 8 in Unarmed Combat
  7258 | D:6      | Reached XP level 9. HP: 63/63 MP: 9/9
  7530 | D:7      | Found a flagged portal.
  7599 | D:7      | Found a broken altar of Ashenzari.
  7606 | D:7      | Became a worshipper of Ashenzari the Shackled
  7810 | Bailey   | Entered a bailey
  8127 | D:7      | Reached skill level 9 in Unarmed Combat
  8247 | D:7      | Noticed Prince Ribbit
  8275 | D:7      | Killed Prince Ribbit
  8292 | D:7      | Paralysed by a hornet for 3 turns
  8580 | D:7      | Found the +1 Delatra's gloves {ID++}
  8894 | D:7      | Reached skill level 10 in Unarmed Combat
  8914 | D:7      | Found a snail-covered altar of Cheibriados.
  8949 | D:7      | Noticed a kobold demonologist
  9421 | D:7      | Identified a scroll of acquirement
  9421 | D:7      | Acquired 1055 gold pieces
  9500 | D:5      | Bought a potion of experience for 700 gold pieces
  9501 | D:5      | Reached skill level 13 in Unarmed Combat
  9501 | D:5      | Reached XP level 10. HP: 70/70 MP: 10/10
 10104 | D:8      | Noticed a two-headed ogre
 10106 | D:8      | Reached skill level 1 in Evocations
 10126 | D:8      | Killed a two-headed ogre
 10127 | D:8      | Reached XP level 11. HP: 75/75 MP: 11/11
 10143 | D:8      | Identified the cursed +1 pair of boots "At What Cost
                  | Knowledge?" {Bglg, Evo} (You found it on level 5 of the
                  | Dungeon)
 10421 | D:8      | Found a shimmering altar of Xom.
 10648 | D:8      | Reached skill level 5 in Evocations
 10772 | D:9      | Found Qubelog's CLEARANCE SALE!.
 10779 | D:9      | Bought a wand of iceblast (5) for 36 gold pieces
 11021 | D:9      | Noticed Pikel
 11035 | D:9      | Killed Pikel
 11185 | D:9      | Reached skill level 5 in Fighting
 11291 | D:9      | Found a staircase to the Lair.
 11520 | D:9      | Noticed Maggie
 11543 | D:9      | Killed Maggie
 11753 | D:10     | Entered Level 10 of the Dungeon
 11885 | D:10     | Noticed an orc knight
 11889 | D:10     | Killed an orc knight
 11890 | D:10     | Reached skill level 5 in Armour
 11918 | D:10     | Gained mutation: Spells you cast may paralyse nearby
                  | enemies. [demonic ancestry]
 11918 | D:10     | Reached XP level 12. HP: 88/88 MP: 12/12
 12195 | D:10     | HP: 4/88 [efreet/+3 scimitar of flaming (2)]
 12196 | D:10     | Slain by an efreet

Illustrated notes

Levels and vault maps discovered:
D:1:      psy_arrival_spokes, layout_basic, serial_bayou_lagoon_a,
          minmay_tetromino_t4
D:2:      layout_basic, basic_altar, dk_vineyard_1
D:3:      layout_loops_ring, nicolae_overflow_hidden_temple
D:4:      layout_cave_pools, lemuel_tele_altar, minmay_temple_entry_trees,
          serial_shops, nicolae_stop_n_shop_2, gammafunk_ghost_stat_death
D:5:      layout_basic, amcnicky_altar_gilded, grunt_gozag_breadcrumbs,
          serial_shops, shop_statue
D:6:      layout_basic, sigmund_edmund_badplayer
D:7:      layout_basic, mainiacjoe_overflow_cross_hatched, kennysheep_mini,
          enter_bailey_5, eino_small_chamber_without_monster, nrook_mini_vaults,
          lightli_corner_chamber, uniq_prince_ribbit1
D:8:      layout_basic, mainiacjoe_overflow_tiny_flanked,
          dreamdust_princess_corridor, nicolae_zen_rock_garden
D:9:      layout_loops_ring, minmay_lair_entry_grove, serial_glass,
          glass_columns_a, glass_columns_c, nicolae_shop_clearance, uniq_pikel,
          uniq_maggie
D:10:     minmay_curly_fans, layout_loops_cross,
          kennysheep_orc_monster_closet_entryway, serial_rivers,
          chequers_serial_rivers_micro_c, chequers_serial_rivers_marsh,
          chequers_serial_rivers_small_b, chequers_serial_rivers_room_a,
          chequers_serial_rivers_room_b, chequers_serial_rivers_small_b,
          nicolae_titane
Temple:   hellmonk_temple_two_chambers

Skill      XL: |  1  2  3  4  5  6  7  8  9 10 11 |
---------------+----------------------------------+-----
Unarmed Combat | 2 3 4 5 7 8 13 | 13.9
Shields        | 5 7 |  7.6
Armour         | 3 5 |  5.4
Evocations     | 3 7 |  7.8
Fighting       | 6 |  6.2

Action                     |  1- 3 |  4- 6 |  7- 9 | 10-12 || total
---------------------------+-------+-------+-------+-------++-------
  Melee: Unarmed           |   171 |   152 |   301 |   286 ||   910
  Throw: Boomerang         |    43 |    24 |       |     7 ||    74
         Javelin           |       |     4 |    24 |    21 ||    49
         Dart              |       |       |    46 |    37 ||    83
 Invoke: Curse Item        |       |       |       |     1 ||     1
  Evoke: Wand              |       |       |       |    12 ||    12
         Lightning rod     |       |       |       |     4 ||     4
    Use: Scroll            |       |    12 |     6 |     3 ||    21
         Potion            |       |     9 |     8 |     4 ||    21
 Armour: Scale mail        |    66 |    50 |       |       ||   116
         Skin              |       |    17 |    42 |    10 ||    69
         Ring mail         |       |    18 |    62 |       ||    80
         Plate armour      |       |       |    59 |    94 ||   153
  Dodge: Dodged            |    66 |    89 |    75 |    43 ||   273
  Block: Buckler           |    42 |    52 |       |       ||    94
         Kite shield       |       |       |   202 |   185 ||   387

Table legend: (Time is in decaauts)
 A = Elapsed time spent in this place.
 B = Non-inter-level travel time spent in this place.
 C = Inter-level travel time spent in this place.
 D = Time resting spent in this place.
 E = Time spent auto-exploring this place.
 F = Levels seen in this place.
 G = Mean time per level.
                   A        B        C        D        E       F      G
               +--------+--------+--------+--------+--------+-----+--------+
         Total |  12239 |  11743 |    496 |   3647 |   5162 |  12 | 1019.9 |
       Dungeon |  11759 |  11263 |    496 |   3300 |   5116 |  10 | 1175.9 |
        Temple |    400 |    400 |      0 |    347 |     11 |   1 |  400.0 |
        Bailey |     79 |     79 |      0 |      0 |     35 |   1 |   79.0 |
               +--------+--------+--------+--------+--------+-----+--------+

Top non-repeatable levels by time:
     D:7: 1922 daAuts
     D:5: 1722 daAuts
     D:6: 1452 daAuts
     D:4: 1415 daAuts
     D:3: 1247 daAuts
     D:2: 1018 daAuts
     D:9: 973 daAuts
     D:8: 925 daAuts
     D:1: 629 daAuts
    D:10: 452 daAuts
  Temple: 400 daAuts
  Bailey: 79 daAuts
